 Dungeon Crawl Stone Soup version 0.18.1-47-g9310371 (webtiles) character file.

114 Mesmaeker13 the Poker (level 4, 0/35 HPs)
             Began as a Demonspawn Gladiator on June 22, 2016.
             Was a Follower of Nemelex Xobeh.
             Killed by nerve-wracking pain
             ... invoked by an orc priest
              (5 damage)
             ... on level 3 of the Dungeon.
             The game lasted 00:05:29 (1986 turns).

Mesmaeker13 the Poker (Demonspawn Gladiator)        Turns: 1986, Time: 00:05:30

Health: 0/35       AC:  4    Str: 15    XL:     4   Next: 66%
Magic:  4/4        EV: 18    Int: 11    God:    Nemelex Xobeh [*.....]
Gold:   148        SH:  0    Dex: 18    Spells: 0 memorised, 3 levels left

rFire  . . .     SeeInvis .     a - +0 trident
rCold  . . .     Gourm    .     b - +0 leather armour
rNeg   . . .     Faith    .     (no shield)
rPois  .         Spirit   .     (helmet restricted)
rElec  .         Dismiss  .     (no cloak)
rCorr  .         Reflect  .     p - +0 pair of gloves
SustAt .         Harm     .     (no boots)
MR     .....                    (no amulet)
Stlth  ++........               (no ring)
                                s - ring of flight

@: agile, not resistant to hostile enchantments, unstealthy
A: horns 1
a: Renounce Religion, Evoke Flight


You were on level 3 of the Dungeon.
You worshipped Nemelex Xobeh.
Nemelex Xobeh was aware of your devotion.
You were hungry.

You visited 1 branch of the dungeon, and saw 3 of its levels.

You collected 148 gold pieces.

Inventory:

Hand Weapons
 a - a +0 trident (weapon)
Missiles
 d - 3 throwing nets (quivered)
 g - 12 poisoned needles
 m - 4 curare-tipped needles
Armour
 b - a +0 leather armour (worn)
 c - a +0 helmet
 p - a +0 pair of gloves (worn)
Jewellery
 s - a ring of flight (left hand)
Scrolls
 j - a scroll of blinking {unknown}
 k - a scroll of teleportation {unknown}
 n - 3 scrolls of remove curse
 q - 3 scrolls of identify
 r - a scroll of magic mapping {unknown}
Potions
 e - a potion of flight {unknown}
 l - a potion of mutation
 o - a potion of cure mutation
Miscellaneous
 h - a plain deck of war {drawn: 1}
Comestibles
 f - 3 bread rations
 i - a beef jerky


   Skills:
 + Level 3.5 Fighting
 + Level 3.8 Polearms
 - Level 1.7 Throwing
 + Level 1.2 Armour
 - Level 2.6 Dodging


You had 3 spell levels left.
You didn't know any spells.

Dungeon Overview and Level Annotations

Branches:
Dungeon (3/15)

Altars:
Nemelex Xobeh


Innate Abilities, Weirdness & Mutations

You have a pair of small horns on your head.


Message History

The orc priest hits you with a falchion.
* * * LOW HITPOINT WARNING * * *
The kobold barely misses you.
You barely miss the orc priest. The orc hits you with a dagger.
* * * LOW HITPOINT WARNING * * *
The orc priest hits you with a falchion.
* * * LOW HITPOINT WARNING * * *
The kobold barely misses you.
You hit the orc priest. Your headbutt misses the orc priest.
The orc priest is lightly wounded.
The orc barely misses you.
The orc priest hits you but does no damage.
The kobold barely misses you. The orc misses you.
Drink which item? (? for menu, Esc to quit)
It was a potion of agility.
You feel agile all of a sudden.
The orc priest mumbles some strange prayers to Beogh against you.
Pain shoots through your body!
You die...
Your body glows slightly and disappears.

#####.......###...#...##...#.###.
.................................
#####.<..#.###...†........#.##.#
#....#...........#.......#..
#....#.###....†.##....#.##.#
.............................
#......#.#####.#...#..........
#........#####o....#.#..#.#..#
............o@K.).......#.#..#
##.....#####.###...............
#.......#####.#.#.## ..###.....
#.....# ##.. ....#.# ###...# #..
#....... ....... ....
...#.........## #...
.............. #.... ##.#)#.##


You could see an orc priest, an orc and a kobold.

Vanquished Creatures
  An orc wizard (D:3)
  2 adders (D:2)
  2 dart slugs
  A giant gecko (D:2)
  3 orcs (D:3)
  2 giant cockroaches
  7 goblins
  6 hobgoblins
  7 jackals
  2 quokkas
  A ball python (D:3)
  7 bats
  3 giant newts
  3 kobolds
  2 rats
49 creatures vanquished.

Vanquished Creatures (collateral kills)
  2 dart slugs (D:1)
  A giant cockroach (D:1)
  A hobgoblin (D:1)
  3 jackals (D:1)
7 creatures vanquished.

Grand Total: 56 creatures vanquished

Notes
Turn   | Place    | Note
--------------------------------------------------------------
     0 | D:1      | Mesmaeker13 the Demonspawn Gladiator began the quest for the Orb.
     0 | D:1      | Reached XP level 1. HP: 16/16 MP: 1/1
   367 | D:1      | Found a sparkling altar of Nemelex Xobeh.
   371 | D:1      | Became a worshipper of Nemelex Xobeh the Trickster
   385 | D:1      | Gained mutation: You have a pair of small horns on your head. [demonic ancestry]
   385 | D:1      | Reached XP level 2. HP: 22/23 MP: 2/2
   407 | D:1      | Received a gift from Nemelex Xobeh
   937 | D:2      | Reached XP level 3. HP: 21/28 MP: 3/3
  1075 | D:2      | Gained mutation: You tend to lose your temper in combat. [potion of mutation]
  1075 | D:2      | Gained mutation: Your spells are a little harder to cast, but a little more powerful. [potion of mutation]
  1075 | D:2      | Gained mutation: Your mind is acute. (Int +2) [potion of mutation]
  1076 | D:2      | Lost mutation: Your mind is acute. (Int +2) [potion of cure mutation]
  1076 | D:2      | Lost mutation: Your spells are a little harder to cast, but a little more powerful. [potion of cure mutation]
  1076 | D:2      | Lost mutation: You tend to lose your temper in combat. [potion of cure mutation]
  1576 | D:2      | Reached XP level 4. HP: 35/35 MP: 4/4
  1841 | D:3      | Reached * piety under Nemelex Xobeh
  1971 | D:3      | Reached skill level 1 in Armour
  1986 | D:3      | Killed from afar by an orc priest

Skill      XL: |  1  2  3  4 |
---------------+-------------+-----
Polearms       | 3 |  3.8
Fighting       | 3 |  3.5
Armour         | 1 |  1.2
Throwing       | |  1.7
Dodging        | |  2.6

Action                   |  1- 3 |  4- 6 || total
-------------------------+-------+-------++-------
Melee: Trident           |   104 |    41 ||   145
       Headbutt          |    12 |     6 ||    18
Evoke: Deck              |     1 |       ||     1
  Use: Potion            |     3 |     2 ||     5
       Scroll            |       |     1 ||     1
 Stab: Sleeping          |     4 |     1 ||     5
  Eat: Chunk             |     2 |     1 ||     3
Armor: Leather armour    |    34 |    17 ||    51
Dodge: Dodged            |    67 |    27 ||    94
